 Dungeon Crawl Stone Soup version 0.32-a0-779-g362cfcae2a (webtiles) character file.

Game seed: 8390943564256954051

284 Esekla the Covert (level 6, -1/43 HPs)
             Began as an Octopode Delver on Mar 19, 2024.
             Was an Initiate of Gozag.
             Killed from afar by Robin (9 damage)
             ... with a puff of flame
             ... on level 3 of the Dungeon.
             The game lasted 00:16:31 (2789 turns).

Esekla the Covert (Octopode Delver)                 Turns: 2789, Time: 00:16:31

Health: -1/43      AC:  1    Str: 11    XL:     6   Next: 29%
Magic:  8/8        EV: 12    Int: 15    God:    Gozag
Gold:   686        SH:  4    Dex: 13    Spells: 8/8 levels left

rFire   . . .        s - +0 dagger (venom)
rCold   . . .        l - +0 buckler
rNeg    . . .        (helmet restricted)
rPois   .            (no amulet)
rElec   .            t - ring of wizardry
rCorr   .            (no ring)
SInv    .            (no ring)
Will    .....        (no ring)
Stlth   +++++        (no ring)
HPRegen 0.27/turn    (no ring)
MPRegen 0.11/turn    (no ring)
                     (no ring)

%: wizardry (x1)
@: no status effects
A: almost no armour, amphibious, 8 rings, camouflage 1, gelatinous body 1,
(nimble swimmer 1), tentacles
a: Renounce Religion, Potion Petition, Call Merchant, Bribe Branch


You were on level 3 of the Dungeon.
You worshipped Gozag.
Gozag was pleased with you.
You visited 2 branches of the dungeon, and saw 6 of its levels.

You collected 705 gold pieces.
You paid 19 gold pieces to Gozag.

Inventory:

Hand Weapons
 a - a +0 falchion
 r - a +0 spear
 s - a +0 dagger of venom (weapon)
 z - the +7 whip "Buozun" {drain, +Blink Str-2 Int+3 Stlth+}
   (You found it on level 3 of the Dungeon)

   Str-2:     It affects your strength (-2).
   Int+3:     It affects your intelligence (+3).
   +Blink:    It lets you blink.
   Stlth+:    It makes you more stealthy.
 A - a +2 dagger of venom
Missiles
 j - 5 poisoned darts
 y - 6 boomerangs (quivered)
Armour
 l - a +0 buckler (worn)
Jewellery
 t - a ring of wizardry (left tentacle)
 u - an amulet of guardian spirit
 w - a ring of ice
Wands
 f - a wand of digging (3)
 v - a wand of flame (22)
Scrolls
 b - a scroll of fog
 d - a scroll of fear
 g - a scroll of enchant weapon {unknown}
 h - 3 scrolls of amnesia {unknown}
 m - a scroll of identify {unknown}
 n - a scroll of silence {unknown}
 q - 2 scrolls of blinking {unknown}
Potions
 c - a potion of heal wounds {unknown}
 e - a potion of haste
 i - a potion of berserk rage {unknown}
 k - a potion of magic {unknown}
 o - a potion of attraction {unknown}
 p - a potion of might {unknown}
 x - 2 potions of curing {unknown}


   Skills:
 * Level 3.7 Fighting
 + Level 1.1(2.0) Short Blades
 + Level 2.6(2.8) Long Blades
 * Level 2.7 Dodging
 + Level 8.4 Stealth
 * Level 1.7 Shields
 * Level 1.8 Spellcasting


You had 8 spell levels left.
You didn't know any spells.
Your spell library contained the following spells:

 Spells                   Type           Power      Damage    Failure   Level
 Ensorcelled Hibernation  Hex/Ice        2%         N/A       21%         2
 Passwall                 Erth           1%         N/A       36%         3
 Swiftness                Air            1%         N/A       36%         3


Dungeon Overview and Level Annotations

Branches:
Dungeon (5/15)             Temple (1/1) D:5

Altars:
Ashenzari
Dithmenos
Elyvilon
Fedhas
Gozag
Hepliaklqana
Nemelex Xobeh
Ru
Sif Muna
Trog
Uskayaw
Wu Jian
Xom
Yredelemnul
The Shining One

Annotations:
D:3 Robin


Innate Abilities, Weirdness & Mutations

You cannot wear most types of armour.
You are amphibious.
You can wear up to eight rings at the same time.
Your skin changes colour to match your surroundings (Stealth+).
Your rubbery body absorbs attacks. (AC +1, EV +1)
((You are camouflaged when in or above water. (Stealth+)))
You have tentacles for arms and can constrict up to eight enemies at once.


Message History

You hit the goblin.
You kill the goblin!
The goblin is no longer distracted by gold.
You closely miss the goblin. Your grab misses the goblin.
The goblin hits you with a +2 dagger of venom.
You are poisoned.
You block the goblin's attack.
You hit the goblin.
The goblin is poisoned.
You grab the goblin.
The goblin is moderately wounded.
You constrict the goblin.
You kill the goblin!
You feel very sick.
The goblin is distracted by your dazzling golden aura.
You barely miss the goblin.
The goblin is no longer distracted by gold.
The goblin shouts!
You grab the goblin. You squeeze the goblin.
You kill the goblin!
You feel sick.
Okay, then.
You hit the hobgoblin but do no damage.
The hobgoblin is poisoned.
You grab the hobgoblin. You constrict the hobgoblin.
You feel sick.
You kill the hobgoblin!
You feel sick.
You now have 682 gold pieces (gained 38).
Items here: ))))).
You feel sick.
A - a +2 dagger of venom You feel sick.
You feel sick.
You feel sick.
You now have 686 gold pieces (gained 4).
You see here a +0 dagger.
You feel sick.
You are no longer poisoned.
Robin shouts!
You hear a shout! x2
Robin zaps a wand.
The puff of flame hits you!
You die...
Robin calls out, "Let's celebrate!
Time for a feast!"
Your body crumbles into a pile of gold.

# #....##....# #.....##......
#####....##....# #.............
...............# #.............
.####..........#####.............
....#.#......g................###
...#....#.#.#'#..................
..........#.#.........>..........
#.......###.###.....#+###........
....#...# #.###.@...#.#.###'#'###
........###.##......+............
....#.#.#...##......#.......#.###
............))...............>#
...###....####.###.####.#####.#
....g#.g..# #)###.####.##....###
.........g####..........##....##.
...#..###g.g..................##.
...#.$#########...............##.


You could see Robin.

Vanquished Creatures
  2 orc priests (D:3)
  Ijyb (D:3)
  3 orc wizards (D:3)
  3 gnolls
  An adder (D:3)
  2 ribbon worms
  4 orcs (D:3)
  5 ball pythons
  3 endoplasms
  4 giant cockroaches
  18 goblins
  2 hobgoblins
  6 jackals
  6 quokkas
  6 bats
  6 frilled lizards
  4 kobolds
  3 rats
79 creatures vanquished.

Notes
Turn   | Place    | Note
-------+----------+-------------------------------------------
     0 | D:5      | Esekla the Octopode Delver began the quest for the Orb.
     0 | D:5      | Reached XP level 1. HP: 16/16 MP: 1/1
     8 | D:5      | Noticed a scorpion
    30 | D:5      | Noticed a scorpion
    31 | D:5      | Noticed a hound
    60 | D:5      | Found a staircase to the Ecumenical Temple.
    69 | Temple   | Entered the Ecumenical Temple
   252 | Temple   | Became a worshipper of Gozag Ym Sagoz the Greedy
   539 | D:4      | Reached skill level 7 in Stealth
   546 | D:4      | Reached XP level 2. HP: 19/21 MP: 1/3
   647 | D:3      | Found an ornate altar of the Wu Jian Council.
   763 | D:1      | Found a faded altar of an unknown god.
   930 | D:1      | Reached XP level 3. HP: 26/26 MP: 4/4
  1597 | D:2      | Reached skill level 1 in Spellcasting
  1628 | D:2      | Reached XP level 4. HP: 24/31 MP: 5/5
  2165 | D:3      | Found a hazy altar of Hepliaklqana.
  2283 | D:3      | Reached skill level 1 in Shields
  2283 | D:3      | Reached XP level 5. HP: 5/36 MP: 6/6
  2418 | D:3      | Reached skill level 8 in Stealth
  2461 | D:3      | Noticed Ijyb
  2472 | D:3      | Killed Ijyb
  2473 | D:3      | Reached skill level 1 in Short Blades
  2561 | D:3      | Reached XP level 6. HP: 37/42 MP: 8/8
  2734 | D:3      | Identified the +7 whip "Buozun" {drain, +Blink Str-2 Int+3
                  | Stlth+}
  2747 | D:3      | Noticed Robin
  2789 | D:3      | Killed from afar by Robin

Illustrated notes

Levels and vault maps discovered:
D:1:      amcnicky_arrival_feature_with_door, layout_basic,
          hellmonk_ecumenical_altar_arch_garden, nicolae_the_louvre
D:2:      layout_rooms, kennysheep_generic_room_11
D:3:      layout_basic, mainiacjoe_overflow_cross_hatched,
          mainiacjoe_overflow_boulevard, uniq_ijyb, uniq_robin
D:4:      layout_cave_pods, serial_shops, kennysheep_mini, nrook_campfire,
          roderic_roman_lattice, saegor_snake_ambush, uniq_edmund, uniq_grinder
D:5:      layout_basic, minmay_temple_entry_poolview,
          kennysheep_decorative_pillar, roderic_lattice_a
Temple:   nicolae_temple_ecumenical_triangle

Skill      XL: |  1  2  3  4  5 |
---------------+----------------+-----
Stealth        | 7 8 |  8.4
Spellcasting   | 1 |  1.8
Shields        | 1 |  1.7
Short Blades   | 1 |  1.1
Fighting       | |  3.7
Long Blades    | |  2.6
Dodging        | |  2.7

Action                     |  1- 3 |  4- 6 || total
---------------------------+-------+-------++-------
  Melee: Falchion          |    18 |    29 ||    47
         Constrict         |    15 |    26 ||    41
         Tentacles         |    11 |    14 ||    25
         Dagger            |    23 |    51 ||    74
    Use: Scroll            |     1 |       ||     1
   Stab: Sleeping          |    18 |     4 ||    22
         Distracted        |     1 |       ||     1
 Armour: Skin              |    10 |    37 ||    47
  Dodge: Dodged            |    11 |    35 ||    46
  Block: Buckler           |       |     8 ||     8

Table legend: (Time is in decaauts)
 A = Elapsed time spent in this place.
 B = Non-inter-level travel time spent in this place.
 C = Inter-level travel time spent in this place.
 D = Time resting spent in this place.
 E = Time spent auto-exploring this place.
 F = Levels seen in this place.
 G = Mean time per level.
                   A        B        C        D        E       F      G
               +--------+--------+--------+--------+--------+-----+--------+
         Total |   2789 |   2755 |     34 |    247 |    603 |   6 |  464.8 |
       Dungeon |   2768 |   2734 |     34 |    247 |    603 |   5 |  553.6 |
        Temple |     21 |     21 |      0 |      0 |      0 |   1 |   21.0 |
               +--------+--------+--------+--------+--------+-----+--------+

Top non-repeatable levels by time:
     D:1: 859 daAuts
     D:3: 704 daAuts
     D:2: 617 daAuts
     D:5: 335 daAuts
     D:4: 251 daAuts
  Temple: 21 daAuts
